 Dungeon Crawl Stone Soup version 0.27-a0-1217-g8a41f320e8 (webtiles) character file.

Game seed: 8053139076438555393

35155 JuniU the Fighter (level 13, -10/112 HPs)
             Began as a Ghoul Monk on June 4, 2021.
             Was the Champion of Hepliaklqana.
             Mangled by a catoblepas (31 damage)
             ... on level 14 of the Dungeon on June 5, 2021.
             The game lasted 01:48:07 (22402 turns).

JuniU the Fighter (Ghoul Monk)                     Turns: 22402, Time: 01:48:08

Health: -10/112    AC:  6    Str: 18    XL:     13   Next: 82%
Magic:  19/19      EV: 12    Int:  5    God:    Hepliaklqana [******]
Gold:   899        SH:  0    Dex: 13    Spells: 12/12 levels left

rFire    + . .     SeeInvis +     - Unarmed
rCold    + + .     Faith    +   (no shield)
rNeg     + + +     Spirit   .   q - +0 steam dragon scales
rPois    ∞         Reflect  .   (no helmet)
rElec    .         Harm     .   w - scarf {rC+ rF+}
rCorr    +         Rampage  .   (no gloves)
Will     .....                  c - +0 pair of boots
Stlth    +++++.....             h - amulet of faith
HPRegen  0.00/turn              k - ring of see invisible
MPRegen  0.16/turn              f - ring of resist corrosion

@: no status effects
A: reduced essence, claws 1, cold resistance 1, negative energy resistance 3,
inhibited regeneration, torment resistance 2
a: Renounce Religion, Recall Ancestor, Ancestor Identity, Transference, Idealise


You were on level 14 of the Dungeon.
You worshipped Hepliaklqana.
Hepliaklqana was exalted by your worship.
You visited 1 branch of the dungeon, and saw 14 of its levels.
You also visited: Bailey.

You collected 899 gold pieces.

Inventory:

Missiles
 x - 5 throwing nets
 y - 5 poisoned darts (quivered)
 z - 29 boomerangs
Armour
 c - a +0 pair of boots (worn)
 q - +0 steam dragon scales (worn)
 w - a scarf of resistance (worn)
Jewellery
 f - a ring of resist corrosion (right claw)
 h - an amulet of faith (around neck)
 j - a +6 ring of intelligence
 k - a ring of see invisible (left claw)
 H - a ring of wizardry
Wands
 g - a wand of charming (10)
 r - a wand of polymorph (7)
 A - a wand of acid (22)
 C - a wand of iceblast (4)
 K - a wand of flame (22)
 O - a wand of mindburst (11)
 Q - a wand of digging (6)
Scrolls
 b - 2 scrolls of silence
 e - a scroll of fear
 m - 4 scrolls of amnesia
 o - a scroll of fog {unknown}
 t - 5 scrolls of enchant weapon
 v - a scroll of magic mapping
 E - 2 scrolls of summoning
 G - 2 scrolls of brand weapon
 I - a scroll of blinking
 P - 7 scrolls of enchant armour
 S - a scroll of torment {unknown}
Potions
 d - 5 potions of curing
 i - 3 potions of berserk rage
 l - 3 potions of lignification
 n - 2 potions of attraction
 p - a potion of ambrosia
 s - a potion of resistance {unknown}
 u - 2 potions of haste
 B - 3 potions of heal wounds
 D - a potion of cancellation {unknown}
 F - a potion of mutation {unknown}
 J - 3 potions of brilliance
 M - a potion of magic {unknown}
 N - 2 potions of flight {unknown}
 R - a potion of invisibility
Miscellaneous
 L - a phial of floods (inert)


   Skills:
 * Level 14.6 Fighting
 - Level 2.6 Dodging
 + Level 11.5 Stealth
 * Level 14.5 Unarmed Combat
 + Level 10.3 Invocations


You had 12 spell levels left.
You didn't know any spells.
Your spell library contained the following spells:

 Spells                   Type           Power      Damage    Failure   Level
 Foxfire                  Conj/Fire      0%         2x1d4     47%         1
 Summon Small Mammal      Summ           0%         N/A       47%         1
 Call Imp                 Summ           0%         N/A       63%         2
 Call Canine Familiar     Summ           0%         N/A       85%         3
 Conjure Flame            Conj/Fire      0%         6-21      85%         3
 Inner Flame              Hex/Fire       0%         N/A       85%         3
 Summon Guardian Golem    Hex/Summ       0%         N/A       85%         3
 Animate Armour           Summ/Erth      0%         N/A       99%         4
 Leda's Liquefaction      Hex/Erth       0%         N/A       99%         4
 Sticky Flame             Conj/Fire      0%         2d3       99%         4
 Summon Ice Beast         Ice/Summ       0%         N/A       99%         4
 Summon Lightning Spire   Summ/Air       0%         N/A       99%         4
 Bolt of Magma            Conj/Fire/Erth 0%         4d4       100%        5
 Fireball                 Conj/Fire      0%         3d3       100%        5
 Iron Shot                Conj/Erth      0%         9d1       100%        6
 Shatter                  Erth           0%         3d5*      100%        9
 Statue Form              Tmut/Erth      Unusable   N/A       N/A         6

Dungeon Overview and Level Annotations

Branches:
Dungeon (14/15)            Temple (0/1) D:5            Lair (0/6) D:10
    Orc (0/2) D:10         Vaults (0/5) D:13         Bailey (visited)

Altars:
Cheibriados
Dithmenos
Hepliaklqana
Nemelex Xobeh
Ru
Trog
Uskayaw
Vehumet
Zin
Beogh

Shops:
D:3 :

Annotations:
D:8 3 runed translucent doors, Nosferatu13666's ghost, novice SpEn


Innate Abilities, Weirdness & Mutations

Your life essence is reduced to manifest your ancestor. (-10% HP)
You thrive by killing the living.
You are immune to poison.
You have sharp fingernails.
Your flesh is cold resistant. (rC+)
You are immune to negative energy. (rN+++)
You do not regenerate when monsters are visible.
You are immune to unholy pain and torment.


Message History

The centaur is poisoned.
The centaur shouts!
The centaur shoots an arrow.
The arrow closely misses you.
You swap places.
The centaur shoots an arrow.
The arrow hits Nozipho!
The centaur shoots an arrow.
The arrow hits Nozipho.
The centaur warrior shoots an arrow.
The arrow hits Nozipho!
The centaur warrior shoots an arrow.
The arrow hits Nozipho!
The centaur warrior shoots an arrow.
The arrow barely misses Nozipho.
The arrow hits you!!
You hear a shout!
The centaur warrior shoots an arrow.
The arrow hits Nozipho!
Nozipho hits the centaur warrior with a +0 quarterstaff!!
The centaur warrior shoots an arrow.
The arrow hits Nozipho!
Nozipho is destroyed!
The centaur warrior shoots an arrow.
The arrow hits you!
You hear a shout!
The centaur warrior shoots an arrow.
The arrow hits you!!
* * * LOW HITPOINT WARNING * * *
You feel much better.
The centaur warrior shoots an arrow.
The arrow hits you!!
* * * LOW HITPOINT WARNING * * *
The centaur warrior shoots an arrow.
The arrow hits you!
* * * LOW HITPOINT WARNING * * *
Blink to where?
Press: ? - help, Dir - move target
As you read the scroll of blinking, it crumbles to dust.
Okay, then.
Okay, then.
You feel much better.
Okay, then.
As you read the scroll of teleportation, it crumbles to dust.
You feel strangely unstable.
Your surroundings suddenly seem different.
A catoblepas comes into view.
The catoblepas bellows!
A tengu warrior comes into view.
It is wielding a +3 long sword and wearing a +2 buckler of protection.
The tengu warrior shouts!
A tengu conjurer comes into view.
The tengu conjurer shouts!
The catoblepas gores you!!
You die...

## .# # Q#
#.##Q##.#
#..@Y...#
#.......####
#.#######


You could see a catoblepas, a tengu warrior and a tengu conjurer.

Vanquished Creatures
  A boulder beetle (D:13)
  A hydra (D:13)
  A centaur warrior (D:14)
  2 two-headed ogres (D:9)
  A necromancer (D:13)
  A wizard (D:13)
  2 orc knights (Bailey)
  A harpy (shapeshifter) (D:14)
  A cyclops (D:14)
  A manticore (D:11)
  A komodo dragon (D:10)
  2 trolls
  A hornet (D:10)
  16 slime creatures
  A raiju (shapeshifter) (D:13)
  3 wyverns
  3 wraiths
  10 yaks
  15 humans (D:13)
  2 steam dragons
  2 vampire mosquitoes (D:12)
  4 water moccasins
  8 orc warriors
  A black bear (D:10)
  An ice beast (D:6)
  A sky beast (D:5)
  A necrophage (D:4)
  2 wolves (D:7)
  3 centaurs
  An ogre (D:5)
  3 bullfrogs
  A scorpion (D:6)
  2 gnoll sergeants
  A wyvern skeleton (D:5)
  A wight (D:4)
  A bullfrog zombie (D:5)
  2 bullfrog skeletons
  3 centaur zombies
  2 hounds (D:7)
  2 gnoll shamans (D:7)
  A centaur skeleton (D:6)
  3 iguanas
  Jessica (D:2)
  An orc wizard (D:3)
  2 howler monkey zombies (D:9)
  7 gnolls
  2 adders
  2 dart slugs
  32 orcs
  8 ball pythons
  4 bats (D:1)
  13 endoplasms
  A giant cockroach (D:2)
  8 goblins
  5 hobgoblins
  6 jackals
  5 quokkas
  2 frilled lizards (D:1)
  4 kobolds
  A rat (D:1)
216 creatures vanquished.

Vanquished Creatures (collateral kills)
  A rakshasa (D:12)
  A hydra (D:13)
  A vault guard (D:13)
  A centaur warrior (D:13)
  2 two-headed ogres
  A wizard (D:13)
  A necromancer (D:13)
  An orc knight (Bailey)
  2 ugly things (D:12)
  2 manticores
  A gargoyle (D:8)
  Joseph (D:8)
  An unseen horror (D:13)
  Psyche (D:8)
  A komodo dragon (D:12)
  8 slime creatures
  2 wyverns
  2 wraiths
  3 vampires
  5 yaks
  5 humans (D:13)
  A basilisk (D:14)
  2 vampire mosquitoes (D:12)
  2 steam dragons
  An acid dragon (D:10)
  A water moccasin (D:9)
  3 black bears (D:10)
  3 sky beasts
  4 orc warriors
  3 ogres
  2 wolves (D:7)
  6 centaurs
  A necrophage (D:5)
  A phantom (D:4)
  A kobold brigand (D:8)
  3 bullfrogs
  3 gnoll sergeants
  A scorpion (D:6)
  4 wights (D:4)
  3 electric eels
  2 centaur zombies
  A hound (D:7)
  An orc priest (D:3)
  2 gnoll shamans
  3 orc wizards
  Natasha (thrice) (D:3)
  28 gnolls
  3 adders
  A shadow imp (D:7)
  28 orcs
  A bat (D:3)
  An endoplasm (D:3)
  2 giant cockroaches
  2 goblins
  2 hobgoblins (D:3)
  6 jackals
  5 kobolds
  3 quokkas
182 creatures vanquished.

Vanquished Creatures (others)
  15 battlemagi
  13 fungi (D:10)
  13 plants
41 creatures vanquished.

Grand Total: 439 creatures vanquished

Notes
Turn   | Place    | Note
-------+----------+-------------------------------------------
     0 | D:1      | JuniU the Ghoul Monk began the quest for the Orb.
     0 | D:1      | Reached XP level 1. HP: 19/19 MP: 0/0
   146 | D:1      | Reached XP level 2. HP: 22/26 MP: 1/1
   500 | D:1      | Reached XP level 3. HP: 15/33 MP: 2/2
   663 | D:1      | You fall into a shaft and drop 1 floor!
   663 | D:2      | Found a hazy altar of Hepliaklqana.
   670 | D:2      | Became a worshipper of Hepliaklqana the Forgotten
   670 | D:2      | Reached * piety under Hepliaklqana
   670 | D:2      | Reached ** piety under Hepliaklqana
   901 | D:1      | Reached skill level 1 in Invocations
  1075 | D:2      | Remembered your ancestor Nozipho as a battlemage
  1232 | D:2      | Reached XP level 4. HP: 35/36 MP: 3/3
  1435 | D:2      | Noticed Jessica
  1442 | D:2      | Killed Jessica
  1539 | D:2      | Found a faded altar of an unknown god.
  1752 | D:3      | Noticed Natasha
  1760 | D:3      | Killed Natasha
  1761 | D:3      | Reached XP level 5. HP: 24/42 MP: 5/5
  2102 | D:3      | Found Jerchegg's Book Boutique.
  2121 | D:3      | Reached *** piety under Hepliaklqana
  2249 | D:3      | Reached XP level 6. HP: 41/49 MP: 6/6
  2251 | D:3      | Reached skill level 5 in Fighting
  2512 | D:3      | Reached skill level 5 in Unarmed Combat
  2547 | D:3      | Noticed Natasha
  2553 | D:3      | Killed Natasha
  2717 | D:3      | Noticed Natasha
  2723 | D:3      | Killed Natasha
  2895 | D:4      | Reached XP level 7. HP: 7/54 MP: 8/8
  3549 | D:4      | Reached XP level 8. HP: 22/63 MP: 9/9
  4357 | D:4      | Noticed a two-headed ogre
  4364 | D:4      | Killed a two-headed ogre
  4365 | D:4      | Reached skill level 5 in Stealth
  4365 | D:4      | Reached XP level 9. HP: 24/72 MP: 9/11
  4781 | D:5      | Entered Level 5 of the Dungeon
  4942 | D:5      | Noticed a two-headed ogre
  4947 | D:5      | Killed a two-headed ogre
  4948 | D:5      | Reached skill level 5 in Invocations
  5036 | D:5      | Reached **** piety under Hepliaklqana
  5118 | D:5      | Found a staircase to the Ecumenical Temple.
  5528 | D:5      | Found a hide-covered altar of Uskayaw.
  5530 | D:5      | Found a shadowy altar of Dithmenos.
  5533 | D:5      | Found a radiant altar of Vehumet.
  5534 | D:5      | Found a sparkling altar of Nemelex Xobeh.
  5534 | D:5      | Found a bloodstained altar of Trog.
  5535 | D:5      | Found a sacrificial altar of Ru.
  5537 | D:5      | Found a snail-covered altar of Cheibriados.
  5964 | D:6      | Identified the +6 dagger of the Hierophant {drain, rPois
                  | rF+ Will+}
  6221 | D:6      | Reached XP level 10. HP: 81/81 MP: 13/13
  6557 | D:7      | Found a sand-covered staircase.
  7283 | D:7      | Reached skill level 10 in Fighting
  7297 | D:7      | Reached skill level 10 in Unarmed Combat
  7478 | D:7      | You fall into a shaft and drop 1 floor!
  7579 | D:8      | Reached ***** piety under Hepliaklqana
  9033 | D:8      | Noticed Psyche
  9042 | D:8      | Paralysed by something for 6 turns
  9046 | D:8      | Killed Psyche
  9393 | D:8      | Noticed Joseph
  9404 | D:8      | Killed Joseph
  9489 | D:8      | Noticed a gargoyle
  9496 | D:8      | Killed a gargoyle
  9674 | D:8      | Found a runed translucent gate.
  9677 | D:8      | Found a runed translucent gate.
  9677 | D:8      | Noticed Nosferatu13666's ghost (novice SpEn)
  9678 | D:8      | Identified the +5 plate armour "Efaipoj" {Harm rN+ Dex-3}
  9678 | D:8      | Found a runed translucent gate.
 10422 | D:9      | Reached XP level 11. HP: 66/90 MP: 15/15
 10440 | D:9      | Upgraded the game from 0.27-a0-1202-ge72e49191c to
                  | 0.27-a0-1217-g8a41f320e8
 11160 | D:9      | Noticed a two-headed ogre
 11185 | D:9      | Killed a two-headed ogre
 11387 | D:9      | Noticed a two-headed ogre
 11393 | D:9      | Killed a two-headed ogre
 11860 | D:10     | Entered Level 10 of the Dungeon
 12096 | D:10     | Found a staircase to the Orcish Mines.
 12397 | D:10     | Found a staircase to the Lair.
 13141 | D:10     | Found a faded altar of an unknown god.
 13154 | D:10     | Reached XP level 12. HP: 78/100 MP: 17/17
 14224 | D:11     | Reached ****** piety under Hepliaklqana
 14702 | D:11     | Reached skill level 10 in Stealth
 15672 | D:12     | Noticed a rakshasa
 16015 | D:12     | Killed a rakshasa
 17382 | D:13     | Found a flagged portal.
 17398 | Bailey   | Entered a bailey
 18191 | Bailey   | Reached XP level 13. HP: 90/109 MP: 19/19
 19834 | D:13     | Reached skill level 10 in Invocations
 19880 | D:13     | Noticed a vault guard
 20427 | D:13     | Killed a vault guard
 20982 | D:13     | Found a gate to the Vaults.
 22397 | D:14     | HP: 1/112 [centaur warrior/arrow (11)]
 22402 | D:14     | Mangled by a catoblepas

Illustrated notes

Levels and vault maps discovered:
D:1:      lordsloth_arrival_two_stooges, layout_loops_ring
D:2:      layout_basic, ebering_ecumenical_altar_mist, basic_altar, uniq_jessica
D:3:      layout_basic, serial_shops, shop_fountains, uniq_natasha
D:4:      layout_basic
D:5:      layout_loops_ring, minitemple, minmay_temple_entry_large_hall,
          chequers_serial_rivers_large_a
D:6:      layout_loops_ring
D:7:      layout_cave_pools, enter_ossuary_3, serial_gnoll_camp,
          gnoll_camp_huts_moat, gnoll_camp_mini_sergeant, gnoll_camp_mini_hut,
          gnoll_camp_mini_doghouse, gnoll_camp_mini_loothouse,
          kennysheep_generic_room_4
D:8:      layout_cave_pods, biasface_ghost_orc_armoury, uniq_joseph, uniq_psyche
D:9:      minmay_four_partial_circles, layout_loops_ring, chequers_jeans
D:10:     layout_cave_pods, due_lair_maze_entry_diamond, david_orc_2,
          serial_column_ruins, column_ruins_hut, column_ruins_temple_circle,
          column_ruins_open_tiny_water, column_ruins_open_small,
          column_ruins_columns_straight, column_ruins_open_small,
          column_ruins_open_small
D:11:     layout_stronghold
D:12:     layout_roguey
D:13:     layout_grid_maze, grunt_vaults_entry_tiered,
          lightli_bailey_entry_fortress, fungi_pond_lemuel
D:14:     wad_cavern_with_rooms, layout_loops_cross, nicolae_sextant,
          minmay_misc_feat_rugged, minivault_12

Skill      XL: |  1  2  3  4  5  6  7  8  9 10 11 12 13 |
---------------+----------------------------------------+-----
Invocations    | 1 2 3 4 5 7 8 9 10 | 10.3
Fighting       | 4 5 6 7 9 10 12 13 14 | 14.6
Unarmed Combat | 4 5 6 7 9 10 12 13 14 | 14.5
Stealth        | 3 4 5 7 8 9 10 11 | 11.5
Dodging        | |  2.6

Action                   |  1- 3 |  4- 6 |  7- 9 | 10-12 | 13-15 || total
-------------------------+-------+-------+-------+-------+-------++-------
Melee: Unarmed           |    79 |    64 |   108 |   390 |   135 ||   776
       Punch             |       |       |     3 |    22 |     5 ||    30
Throw: Dart              |       |    10 |    11 |   151 |    34 ||   206
       Boomerang         |       |       |       |    55 |     2 ||    57
       Throwing net      |       |       |       |     9 |     2 ||    11
Invok: Ancestor Life: Ba |     1 |       |       |       |       ||     1
       Ancestor Identity |     1 |       |       |       |       ||     1
       Recall Ancestor   |       |       |     1 |     2 |     1 ||     4
       Transference      |       |       |       |     1 |       ||     1
       Idealise          |       |       |       |     3 |       ||     3
Evoke: Wand              |       |       |       |     6 |     6 ||    12
       Phial of floods   |       |       |       |       |     1 ||     1
  Use: Scroll            |     2 |     4 |     3 |     7 |     8 ||    24
       Potion            |       |       |       |     2 |     3 ||     5
 Stab: Sleeping          |     7 |     4 |    10 |     8 |       ||    29
       Distracted        |       |       |     1 |     6 |     3 ||    10
Armor: Robe              |    11 |     5 |       |       |       ||    16
       Leather armour    |       |     7 |     9 |       |       ||    16
       Steam dragon scal |       |       |    10 |    72 |    42 ||   124
Dodge: Dodged            |    46 |    30 |    56 |   252 |    62 ||   446

Table legend: (Time is in decaauts)
 A = Elapsed time spent in this place.
 B = Non-inter-level travel time spent in this place.
 C = Inter-level travel time spent in this place.
 D = Time resting spent in this place.
 E = Time spent auto-exploring this place.
 F = Levels seen in this place.
 G = Mean time per level.
                   A        B        C        D        E       F      G
               +--------+--------+--------+--------+--------+-----+--------+
         Total |  22315 |  21912 |    403 |    912 |  18021 |  15 | 1487.7 |
       Dungeon |  21032 |  20629 |    403 |    899 |  17038 |  14 | 1502.3 |
        Bailey |   1283 |   1283 |      0 |     13 |    983 |   1 | 1283.0 |
               +--------+--------+--------+--------+--------+-----+--------+

Top non-repeatable levels by time:
    D:13: 2654 daAuts
     D:7: 2157 daAuts
    D:11: 2035 daAuts
     D:9: 1910 daAuts
    D:12: 1697 daAuts
     D:4: 1676 daAuts
     D:3: 1464 daAuts
    D:10: 1460 daAuts
    D:14: 1357 daAuts
     D:8: 1290 daAuts
  Bailey: 1283 daAuts
     D:1: 960 daAuts
     D:5: 853 daAuts
     D:6: 848 daAuts
     D:2: 665 daAuts
